 Dungeon Crawl Stone Soup version 0.19-a0-1714-gcab94ab (webtiles) character file.

10766 Eucla the Cleaver (level 11, -4/172 HPs)
             Began as a Troll Berserker on Sept 28, 2016.
             Was a High Priest of Trog.
             Slain by a manticore (12 damage)
             ... on level 2 of the Lair of Beasts.
             The game lasted 00:11:11 (7510 turns).

Eucla the Cleaver (Troll Berserker)                 Turns: 7510, Time: 00:11:12

Health: -4/172     AC:  6    Str: 34    XL:     11   Next: 40%
Magic:  10/10      EV: 10    Int:  3    God:    Trog [*****.]
Gold:   761        SH:  4    Dex: 12    Spells: 0 memorised, 10 levels left

rFire  . . .     SeeInvis +     x - +1 hand axe (flame)
rCold  . . .     Gourm    +     L - +0 troll leather armour
rNeg   . . .     Faith    .     (no shield)
rPois  .         Spirit   .     (helmet restricted)
rElec  .         Dismiss  .     (no cloak)
rCorr  +         Reflect  +     (gloves unavailable)
MR     .....     Harm     .     (boots unavailable)
Stlth  ..........               r - +4 amulet of reflection
                                s - ring of see invisible
                                k - ring of resist corrosion

@: berserking, very quick
A: unfitting armour, claws 3, talons 1, blurry vision 1, deformed body, fast
metabolism 3, gourmand, regeneration 1, shaggy fur 1, strong 1, tough skin 2,
wild magic 1
a: Berserk, Trog's Hand, Brothers in Arms, Burn Spellbooks, Renounce Religion


You were on level 2 of the Lair of Beasts.
You worshipped Trog.
Trog was extremely pleased with you.
You were very full.

You visited 2 branches of the dungeon, and saw 10 of its levels.

You collected 761 gold pieces.

Inventory:

Hand Weapons
 a - a +0 hand axe of freezing
 u - the +5 hand axe of the Tomato {chop, MR- MP+9 Str+4 Int-2}
   (You found it on level 7 of the Dungeon)

   It inflicts extra damage upon your enemies.
   It affects your strength (+4).
   It affects your intelligence (-2).
   It affects your resistance to hostile enchantments.
   It affects your magic capacity (+9).
 x - a +1 hand axe of flaming (weapon)
Armour
 b - a +0 animal skin
 o - a +1 robe of positive energy
 L - a +0 troll leather armour (worn)
Jewellery
 k - a ring of resist corrosion (left claw)
 r - a +4 amulet of reflection (around neck)
 s - a ring of see invisible (right claw)
Wands
 p - a wand of flame (13/48)
 y - a wand of acid (7/15)
 A - a wand of lightning (5/15)
 B - a wand of paralysis (12/24)
 E - a wand of random effects (23/48)
 I - a wand of polymorph (17/24)
 J - a wand of iceblast (6/15)
 N - a wand of polymorph (12/24)
Scrolls
 j - a scroll of blinking
 n - 2 scrolls of teleportation
 C - 2 scrolls of remove curse
 F - 2 scrolls of fog
 K - a scroll of identify
Potions
 d - 2 potions of heal wounds
 f - 3 potions of haste
 h - 7 potions of curing
 l - 4 potions of degeneration
 t - a potion of lignification
 w - 3 potions of brilliance
 z - 2 potions of invisibility
 G - a potion of agility
 H - a potion of berserk rage
Books
 e - a Fen Folio

   Spells                             Type                      Level
   a - Corpse Rot                     Necromancy                   2
   b - Stone Arrow                    Conjuration/Earth            3
   c - Leda's Liquefaction            Hexes/Earth                  4
   d - Summon Forest                  Summoning/Translocation      5
   e - Hydra Form                     Transmutation                6
   f - Summon Hydra                   Summoning                    7
   Trog disapproves of the use of such an item.
Comestibles
 c - 8 bread rations
 g - 4 slices of pizza
 i - 2 meat rations
 q - 17 fruits


   Skills:
 + Level 9.2 Fighting
 * Level 12.4 Axes
 - Level 2.4 Dodging


You had 10 spell levels left.
You didn't know any spells.

Dungeon Overview and Level Annotations

Branches:
Dungeon (8/15)             Temple (0/1) D:7            Lair (2/6) D:8
  Snake (0/4) Lair:2
  Swamp: Lair:2-4    Shoals: Lair:2-4

Altars:
Elyvilon
Gozag
Hepliaklqana
Makhleb
Okawaru
Sif Muna
Trog
Vehumet
Xom
Zin
The Shining One


Innate Abilities, Weirdness & Mutations

You are too large for most types of armour.
You have claws for hands.
Your metabolism is lightning-fast.
You like to eat raw meat.
Your natural rate of healing is unusually fast.
You are covered in fur. (AC +1)
You have very tough skin. (AC +2)
You have sharp toenails.
Scrolls take you a little longer to read.
Armour fits poorly on your strangely shaped body.
Your muscles are strong. (Str +2)
Your spells are a little harder to cast, but a little more powerful.


Message History

The hippogriff claws you.
* * * LOW HITPOINT WARNING * * *
The manticore bites you!
* * * LOW HITPOINT WARNING * * *
The manticore claws you.
* * * LOW HITPOINT WARNING * * *
The manticore claws you but does no damage.
Unknown command.
You hit the manticore. You burn the manticore. Your kick misses the manticore.
The manticore is lightly wounded.
You hit the hippogriff. You burn the hippogriff.
Unknown command.
You hit the manticore. You burn the manticore. Your kick misses the manticore.
The manticore is moderately wounded.
You hit the hippogriff. You burn the hippogriff.
The hippogriff completely misses you. The hippogriff barely misses you. x2
The manticore bites you.
* * * LOW HITPOINT WARNING * * *
The manticore claws you!
You die...

##........#..........
#....#.............#.
#....#....P..........
#...#....P........P.
#...#....P........#.
#.................P.
##...#...###.........
#....##P## ###.......
##..@.### #.......
#.HH## ......P.
#....# #......#
##.... #.....## .....
#...... #......
#.......


You could see a manticore and a hippogriff.

Vanquished Creatures
  2 hydras
  A black mamba (Lair:2)
  Psyche (D:8)
  A rime drake (Lair:2)
  2 komodo dragons
  A troll (D:7)
  5 blink frogs (Lair:1)
  2 hippogriffs
  Sigmund (D:2)
  2 basilisks (Lair:1)
  20 yaks (Lair:1)
  3 nagas (Lair:2)
  3 porcupines (Lair:1)
  An ice beast (D:7)
  A necrophage (D:8)
  2 orc warriors
  A centaur (D:8)
  An ogre (D:8)
  A phantom (D:8)
  3 crocodiles
  A big kobold (D:7)
  2 bullfrogs
  A scorpion (Lair:1)
  7 wights
  A howler monkey (D:4)
  A crimson imp (D:5)
  A bullfrog zombie (D:6)
  4 hounds
  An orc wizard (D:6)
  Jessica (D:2)
  3 bullfrog skeletons
  5 iguanas
  10 worker ants
  A hound skeleton (D:7)
  Robin (D:2)
  7 gnolls (D:5)
  10 adders
  21 river rats
  2 oozes
  4 worms
  A dart slug (D:1)
  3 leopard geckos
  14 orcs
  2 ball pythons
  7 bats
  5 giant cockroaches
  12 goblins
  9 hobgoblins
  10 quokkas
  6 frilled lizards
  A giant cockroach zombie (D:6)
  8 kobolds
  9 rats
225 creatures vanquished.

Vanquished Creatures (others)
  5 plants (D:8)
5 creatures vanquished.

Grand Total: 230 creatures vanquished

Notes
Turn   | Place    | Note
-------+----------+-------------------------------------------
     0 | D:1      | Eucla the Troll Berserker began the quest for the Orb.
     0 | D:1      | Reached XP level 1. HP: 22/22 MP: 0/0
   185 | D:1      | Reached XP level 2. HP: 29/29 MP: 1/1
   312 | D:1      | Reached skill level 3 in Axes
   328 | D:1      | Reached ** piety under Trog
   435 | D:1      | Reached XP level 3. HP: 36/36 MP: 2/2
   713 | D:2      | Noticed Robin
   733 | D:2      | Killed Robin
   912 | D:2      | Reached XP level 4. HP: 39/45 MP: 3/3
   931 | D:2      | Noticed Sigmund
   942 | D:2      | Killed Sigmund
   942 | D:2      | Reached skill level 4 in Axes
   942 | D:2      | Reached XP level 5. HP: 50/54 MP: 4/4
  1228 | D:2      | Noticed Jessica
  1236 | D:2      | Killed Jessica
  1275 | D:2      | Reached XP level 6. HP: 60/62 MP: 5/5
  1672 | D:3      | Reached *** piety under Trog
  2332 | D:4      | Reached skill level 5 in Axes
  2536 | D:4      | Found a burning altar of Makhleb.
  2895 | D:5      | Entered Level 5 of the Dungeon
  2902 | D:5      | Reached XP level 7. HP: 61/71 MP: 6/6
  3041 | D:5      | Reached skill level 6 in Axes
  3074 | D:5      | Found a hazy altar of Hepliaklqana.
  3226 | D:5      | Found a glowing golden altar of the Shining One.
  3226 | D:5      | Found a glowing silver altar of Zin.
  3227 | D:5      | Found a white marble altar of Elyvilon.
  3360 | D:5      | Reached **** piety under Trog
  3764 | D:6      | Reached skill level 5 in Fighting
  3794 | D:6      | Found a radiant altar of Vehumet.
  3852 | D:6      | Found an opulent altar of Gozag.
  3983 | D:6      | Reached XP level 8. HP: 64/80 MP: 7/7
  4233 | D:7      | Found a shimmering altar of Xom.
  4233 | D:7      | Found a shimmering altar of Xom.
  4278 | D:7      | Noticed a hippogriff
  4286 | D:7      | Killed a hippogriff
  4286 | D:7      | Reached skill level 7 in Axes
  4287 | D:7      | Found a staircase to the Ecumenical Temple.
  4391 | D:7      | Noticed a troll
  4403 | D:7      | HP: 3/121 [troll (6)]
  4404 | D:7      | Killed a troll
  4404 | D:7      | Reached skill level 8 in Axes
  4811 | D:7      | Found a shimmering altar of Xom.
  4813 | D:7      | Found a shimmering altar of Xom.
  4813 | D:7      | Found a shimmering altar of Xom.
  4815 | D:7      | Found a shimmering altar of Xom.
  4818 | D:7      | Found a shimmering altar of Xom.
  4991 | D:7      | Noticed a moth of wrath
  4993 | D:7      | Found a bloodstained altar of Trog.
  5012 | D:7      | Got an ancient hand axe
  5013 | D:7      | Identified the +5 hand axe of the Tomato {chop, MR- MP+9 Str+4 Int-2} (You found it on level 7 of the Dungeon)
  5059 | D:8      | Reached XP level 9. HP: 88/89 MP: 8/8
  5289 | D:8      | Reached skill level 9 in Axes
  5473 | D:8      | Found a deep blue altar of Sif Muna.
  5569 | D:8      | Reached ***** piety under Trog
  5603 | D:8      | Found a staircase to the Lair.
  5604 | D:8      | Noticed a komodo dragon
  5625 | D:8      | Noticed Psyche
  5633 | D:8      | Killed Psyche
  5743 | D:8      | Killed a komodo dragon
  5815 | D:8      | Found an iron altar of Okawaru.
  5878 | Lair:1   | Entered Level 1 of the Lair of Beasts
  5901 | Lair:1   | Reached skill level 10 in Axes
  5907 | Lair:1   | Reached XP level 10. HP: 95/102 MP: 9/9
  6093 | Lair:1   | Reached skill level 11 in Axes
  6156 | Lair:1   | Gained mutation: Your muscles are strong. (Str +2) [potion of mutation]
  6156 | Lair:1   | Gained mutation: Your spells are a little harder to cast, but a little more powerful. [potion of mutation]
  6157 | Lair:1   | Gained mutation: Scrolls take you a little longer to read. [potion of mutation]
  6157 | Lair:1   | Gained mutation: Armour fits poorly on your strangely shaped body. [potion of mutation]
  6157 | Lair:1   | Gained mutation: You have sharp toenails. [potion of mutation]
  6180 | Lair:1   | HP: 2/159 [scorpion (9)]
  6332 | Lair:1   | Found a white marble altar of Elyvilon.
  6336 | Lair:1   | Noticed a four-headed hydra
  6345 | Lair:1   | Killed a one-headed hydra
  6345 | Lair:1   | Reached XP level 11. HP: 55/113 MP: 10/10
  7055 | Lair:2   | Reached skill level 12 in Axes
  7285 | Lair:2   | Found a staircase to the Snake Pit.
  7493 | Lair:2   | Noticed a four-headed hydra
  7506 | Lair:2   | Killed a one-headed hydra
  7510 | Lair:2   | HP: 8/172 [manticore (4)]
  7510 | Lair:2   | Slain by a manticore

Vault maps used:
D:1:      zelgadis_glass_arrival_small, minmay_heptomino_l4
D:2:      guppyfry_early_lair_pool, uniq_sigmund, uniq_jessica, uniq_robin
D:4:      lemuel_round_altar, first_bread
D:5:      good_gods_temple_1, marbit_many_paths
D:6:      grunt_gozag_statues, vehumet_crystals
D:7:      nicolae_xom_altar_mimics, tgw_trog
D:8:      lemuel_coloured_pillars_altar, okawaru_gym_becter,
          david_lair_shrubbed, uniq_psyche
Lair:1:   basic_altar
Lair:2:   minmay_shoals_entry_beasts, guppyfry_snake_entry_island,
          lemuel_fruit_tree

Skill      XL: |  1  2  3  4  5  6  7  8  9 10 11 |
---------------+----------------------------------+-----
Axes           | 3 4 5 6 8 10 11 12 | 12.4
Fighting       | 3 4 5 6 7 8 9 |  9.2
Dodging        | |  2.4

Action                   |  1- 3 |  4- 6 |  7- 9 | 10-12 || total
-------------------------+-------+-------+-------+-------++-------
Melee: Hand axe          |   136 |   170 |   304 |   181 ||   791
       Kick              |       |       |       |    53 ||    53
Invok: Berserk           |       |     1 |     5 |     4 ||    10
       Trog's Hand       |       |       |     2 |       ||     2
       Burn Spellbooks   |       |       |       |     1 ||     1
  Use: Scroll            |       |       |     7 |    18 ||    25
       Potion            |       |       |     1 |     5 ||     6
 Stab: Sleeping          |       |     2 |     1 |       ||     3
  Eat: Chunk             |    14 |    17 |    30 |    13 ||    74
       Fruit             |       |       |       |     5 ||     5
       Royal jelly       |       |       |       |     2 ||     2
       Beef jerky        |       |       |       |     1 ||     1
Armor: Animal skin       |    61 |     4 |       |       ||    65
       Robe              |       |    52 |    76 |       ||   128
       Troll leather arm |       |       |    29 |    39 ||    68
       Skin              |       |       |     8 |     2 ||    10
Dodge: Dodged            |    92 |    76 |   129 |    79 ||   376
Block: Other             |       |       |       |    20 ||    20
